 Dungeon Crawl Stone Soup version 0.29-a0-283-ga02f740833 (webtiles) character file.

Game seed: 2414447118091560012

40 sammy202020 the Skirmisher (level 3, -1/36 HPs)
             Began as a Gargoyle Berserker on Mar 14, 2022.
             Was a Believer of Trog.
             Slain by a goblin
             ... wielding a +0 club
             ... led by Robin
              (4 damage)
             ... on level 2 of the Dungeon.
             The game lasted 00:02:07 (1497 turns).

sammy202020 the Skirmisher (Gargoyle Berserker)     Turns: 1497, Time: 00:02:07

Health: -1/36      AC:  5    Str: 20    XL:     3   Next: 50%
Magic:  3/3        EV: 12    Int:  9    God:    Trog [**....]
Gold:   44         SH:  0    Dex:  9    Spells: 2/2 levels left

rFire   . . .      SeeInvis .   a - +0 mace
rCold   . . .      Faith    .   (no shield)
rNeg    + . .      Spirit   .   b - +0 animal skin
rPois   ∞          Reflect  .   (no helmet)
rElec   +          Harm     .   (no cloak)
rCorr   .          Rampage  .   (no gloves)
Will    ++...                   (no boots)
Stlth   ..........              (no amulet)
HPRegen 1.12/turn               (no ring)
MPRegen 0.08/turn               (no ring)

@: berserking, strong-willed, regenerating, very quick
A: sickness immunity, AC +3, negative energy resistance 1, electricity
resistance, torment resistance 1, petrification resistance
a: Renounce Religion, Berserk, Trog's Hand


You were on level 2 of the Dungeon.
You worshipped Trog.
Trog was pleased with you.
You visited 1 branch of the dungeon, and saw 2 of its levels.

You collected 44 gold pieces.

Inventory:

Hand Weapons
 a - a +0 mace (weapon)
Missiles
 e - 4 atropa-tipped darts (quivered)
Armour
 b - a +0 animal skin (worn)
Scrolls
 f - a scroll of teleportation {unknown}
 g - 2 scrolls of identify {unknown}
 h - a scroll of vulnerability {unknown}
Potions
 c - a potion of might {unknown}
 d - a potion of haste {unknown}
 i - a potion of ambrosia {unknown}
 j - a potion of attraction {unknown}


   Skills:
 * Level 3.7 Fighting
 * Level 3.4 Maces & Flails
 * Level 3.0 Armour
 + Level 1.9 Dodging


You had 2 spell levels left.
You didn't know any spells.
Your spell library was empty.

Dungeon Overview and Level Annotations

Branches:
Dungeon (2/15)

Altars:

Annotations:
D:2 Robin


Innate Abilities, Weirdness & Mutations

You are immune to sickness and miasma.
Your stone body is resilient. (AC +3)
You are immune to poison.
You resist negative energy. (rN+)
You are resistant to electric shocks. (rElec)
You are resistant to unholy torment.
You are immune to petrification.


Message History

The ball python barely misses you. The ball python closely misses you.
You hit the ball python.
You kill the ball python!
Trog accepts your kill.
Your Armour skill increases to level 3!
You closely miss the goblin. The goblin completely misses you.
Robin shouts!
You sock the goblin!
You kill the goblin!
Trog accepts your kill.
You hear a shout!
A goblin comes into view. It is wielding a +0 club.
Robin roars a battlecry!
The goblins go into a battle-frenzy!
The goblin closely misses you.
The goblin moves out of view.
The hobgoblin shouts!
The goblin unwields a +0 club.
The goblin wields a +0 hunting sling.
The goblin shoots a sling bullet.
The sling bullet barely misses you.
A goblin comes into view. It is wielding a +0 dagger.
Robin throws the goblin at you!
A goblin comes into view. It is wielding a +0 club.
The goblin hits you with a +0 club.
You hit the goblin.
The goblin is heavily wounded.
The goblin shoots a sling bullet.
The sling bullet misses you.
A goblin comes into view. It is wielding a +0 club.
A hobgoblin comes into view.
The goblin hits you with a +0 club.
The goblin shoots a sling bullet.
The sling bullet closely misses you.
Your skin crawls.
You feel strong-willed.
The hobgoblin shouts!
The goblin hits you with a +0 club.
* * * LOW HITPOINT WARNING * * *
The goblin shoots a sling bullet.
The sling bullet hits you.
* * * LOW HITPOINT WARNING * * *
A red film seems to cover your vision as you go berserk!
You feel yourself moving faster!
You feel mighty! The goblin hits you with a +0 club.
You die...

.... g..
#######.##....
.........##
#.##.###
......g..#
######.##.# ..
g##..#
#.........###
#. ..#gg#
#.####.#.....
#.#...l.#
#.####.#.####
# ##..#.#gg#
#.##...#.#
...>#....##..#
#.##.###. ###
.......$gg..@#
#.##.# #. #..
#..##...####g#
#.##.# #.# .
#...# #.#
#[##.###.##.#
#?..# #.#
#........##.#
#.### #.#
####.######.#
.. #.# #.# #.#
.#.
#.#######.#
#.. ..#.
#.#.........#
###
#...########


You could see Robin, 2 hobgoblins, 6 goblins and a frilled lizard.

Vanquished Creatures
  5 ball pythons
  6 endoplasms (D:1)
  2 goblins (D:2)
  4 hobgoblins
  5 jackals
  A quokka (D:1)
  3 bats (D:1)
  4 frilled lizards (D:1)
  3 kobolds
  3 rats
36 creatures vanquished.

Notes
Turn   | Place    | Note
-------+----------+-------------------------------------------
     0 | D:1      | sammy202020 the Gargoyle Berserker began the quest for the
                  | Orb.
     0 | D:1      | Reached XP level 1. HP: 14/14 MP: 1/1
   223 | D:1      | Reached XP level 2. HP: 19/19 MP: 2/2
   694 | D:1      | Reached XP level 3. HP: 18/24 MP: 3/3
   709 | D:1      | Reached ** piety under Trog
  1483 | D:2      | Noticed Robin
  1496 | D:2      | HP: 1/24 [goblin/sling bullet[Robin] (5)]
  1497 | D:2      | Slain by a goblin

Illustrated notes

Levels and vault maps discovered:
D:1:      wheals_arrival_linesprint, layout_rooms,
          chequers_serial_rivers_small_a
D:2:      layout_loops_ring, uniq_robin, uniq_crazy_yiuf_cottage

Skill      XL: |  1  2  3 |
---------------+----------+-----
Armour         | 3 |  3.0
Fighting       | |  3.7
Maces & Flails | |  3.4
Dodging        | |  1.9

Action                   || total
-------------------------++-------
Melee: Mace              ||   104
Invok: Trog's Hand       ||     2
       Berserk           ||     1
Armor: Animal skin       ||    48
Dodge: Dodged            ||    98

Table legend: (Time is in decaauts)
 A = Elapsed time spent in this place.
 B = Non-inter-level travel time spent in this place.
 C = Inter-level travel time spent in this place.
 D = Time resting spent in this place.
 E = Time spent auto-exploring this place.
 F = Levels seen in this place.
 G = Mean time per level.
                   A        B        C        D        E       F      G
               +--------+--------+--------+--------+--------+-----+--------+
         Total |   1523 |   1503 |     20 |      0 |   1202 |   2 |  761.5 |
       Dungeon |   1523 |   1503 |     20 |      0 |   1202 |   2 |  761.5 |
               +--------+--------+--------+--------+--------+-----+--------+

Top non-repeatable levels by time:
     D:1: 1209 daAuts
     D:2: 313 daAuts
